 Dungeon Crawl Stone Soup version 0.28-a0-1152-g9c71ebef14 (webtiles) character file.

Game seed: 6212689038424447047

20 spaghetti the Sneak (level 2, -1/25 HPs)
             Began as a Demonspawn Delver on Dec 14, 2021.
             Slain by an orc (7 damage)
             ... on level 5 of the Dungeon.
             The game lasted 00:00:33 (489 turns).

spaghetti the Sneak (Demonspawn Delver)              Turns: 489, Time: 00:00:33

Health: -1/25      AC:  3    Str: 12    XL:     2   Next: 58%
Magic:  2/2        EV: 11    Int: 11    God:
Gold:   0          SH:  0    Dex: 14    Spells: 1/1 levels left

rFire   . . .      SeeInvis .   a - +0 falchion {long}
rCold   . . .      Faith    .   (no shield)
rNeg    . . .      Spirit   .   b - +0 leather armour
rPois   .          Reflect  .   (no helmet)
rElec   .          Harm     .   (no cloak)
rCorr   .          Rampage  .   (no gloves)
Will    .....                   (no boots)
Stlth   ++........              (no amulet)
HPRegen 0.08/turn               (no ring)
MPRegen 0.08/turn               (no ring)

@: no status effects
A: claws 1
a: no special abilities


You were on level 5 of the Dungeon.
You visited 1 branch of the dungeon, and saw 1 of its levels.


Innate Abilities, Weirdness & Mutations

You have sharp fingernails.


   Skills:
 + Level 3.8 Fighting
 - Level 1.7 Long Blades
 - Level 1.7 Dodging
 - Level 4.5 Stealth
 + Level 0.6 Unarmed Combat


You had one spell level left.
You didn't know any spells.
Your spell library was empty.

Inventory:

Hand Weapons
 a - a +0 falchion (weapon) {long}
Missiles
 h - 24 stones (quivered) {throwing}
Armour
 b - a +0 leather armour (worn)
Wands
 g - a wand of digging (3)
Scrolls
 c - a scroll of fog
 d - a scroll of magic mapping {!r}
 e - a scroll of fear
Potions
 f - a potion of haste {@q3}

Dungeon Overview and Level Annotations

Branches:
Dungeon (5/15)
 Temple: D:4-7

Altars:
Uskayaw

.##.#.# #.P...P.# .##.#.# #####
#.P._.P.# .#....# ...# #.......#
.##.#รท# ##.########### .##.#.#
##...##..######## ......########
##..##............
###..........###..#.##.###.......
##########.ooo{###.#.###..####.
##.##@.#.##.#......##.
#.###..##.##.#..#.... #.#
##.....#.#..####. #o#
####........ ... #...#
###.......... #...# #.#.#######
#..o# #... #...# ###. .....


You could see an orc priest and 2 orcs.


Message History

You barely miss the adder. The adder closely misses you. The adder misses you.
You miss the adder. The adder closely misses you.
You barely miss the adder. The adder bites you. x2 ๐Ÿ˜• HP[-3]
You take 3 damage, and now have 21/24 hp.
You hit the adder. The adder barely misses you.
You hit the adder but do no damage. The adder bites you but does no damage.
The adder misses you.
You hit the adder. The adder closely misses you. The adder barely misses you.
You miss the adder. The adder closely misses you.
You miss the adder.
The adder bites you but does no damage. x2
You hit the adder but do no damage. The adder closely misses you.
You hit the adder. The adder bites you.
You are poisoned.
The adder poisons you! The adder bites you. ๐Ÿ˜ฎ HP[-7]
You take 7 damage, and now have 14/24 hp.
MASSIVE DAMAGE!! (PAUSE)
You closely miss the adder.
You feel sick.
The adder closely misses you. ๐Ÿ˜จ HP[-2]
You take 2 damage, and now have 12/24 hp.
You slash the adder!
You kill the adder!
You feel sick.
You now have 25 max hp (+1).
Unknown command.
You start resting.
You feel sick.
You are no longer poisoned. ๐Ÿ˜Ž HP[+13]
Your hp is fully restored (25).
You see here an adder corpse.
You open the gate.
Found a hide-covered altar of Uskayaw.
There is an open gate here.
There is an open gate here.
You see here an adder skeleton.
An orc comes into view. It is wielding a +0 dagger.
An orc is nearby!
An orc comes into view. It is wielding a +0 falchion.
The orc shouts!
An orc priest comes into view. It is wielding a +0 mace.
An orc wizard comes into view.
It is wielding a +2 dagger of holy wrath and wearing a +0 robe of positive energy.
The orc wizard shouts!
The orc priest shouts!
The orc shouts!
You start waiting.
An orc is nearby!
The orc hits you with a +0 dagger. ๐Ÿ˜• HP[-1]
You take 1 damage, and now have 24/25 hp.
You slash the orc!
You kill the orc!
No target in view!
No target in view!
No target in view!
No target in view!
No target in view!
No target in view!
No target in view!
No target in view!
No target in view!
No target in view!
No target in view!
No target in view!
No target in view!
No target in view!
No target in view!
No target in view!
No target in view!
An orc wizard is nearby! ๐Ÿ˜Ž HP[+1]
Your hp is fully restored (25).
An orc comes into view. It is wielding a +0 trident.
Things that are here:
a +0 dagger {short}; an orc corpse You closely miss the orc wizard.
The orc wizard hits you but does no damage.
The orc closely misses you.
The orc shouts!
You hit the orc wizard. The orc wizard completely misses you.
The orc hits you with a +0 falchion! ๐Ÿ˜ฎ HP[-7]
You take 7 damage, and now have 18/25 hp.
MASSIVE DAMAGE!! (PAUSE) Unknown command.
Okay, then.
You hit the orc wizard. You hit the orc priest.
The orc wizard hits you with a +2 dagger of holy wrath.
You convulse.
The orc priest barely misses you. The orc closely misses you. ๐Ÿ˜ฎ HP[-4]
You take 4 damage, and now have 14/25 hp.
Unknown command.
You closely miss the orc wizard.
The orc wizard casts a spell.
The orc wizard flickers and vanishes!
Deactivating autopickup; reactivate with Ctrl-A.
The orc priest hits you with a +0 mace!
* * * LOW HITPOINT WARNING * * *
The orc hits you from afar with a +0 trident!
You die...

Action                   || total
-------------------------++-------
Melee: Falchion          ||    24
Armor: Leather armour    ||     7
Dodge: Dodged            ||    18

Levels and vault maps discovered:
D:5:      layout_loops_cross, mainiacjoe_overflow_alcove_4

Notes
Turn   | Place    | Note
-------+----------+-------------------------------------------
     0 | D:5      | spaghetti the Demonspawn Delver began the quest for the
                  | Orb.
     0 | D:5      | Reached XP level 1. HP: 18/18 MP: 1/1
     0 | D:5      | magus.rc [v1.9.6]
    66 | D:5      | You feel monstrous as your demonic heritage exerts itself.
    66 | D:5      | Discovered your monstrous ancestry.
    66 | D:5      | Gained mutation: You have sharp fingernails. [demonic
                  | ancestry]
    66 | D:5      | Reached XP level 2. HP: 20/24 MP: 2/2
   416 | D:5      | Found a hide-covered altar of Uskayaw.
   489 | D:5      | HP: 6/25 [orc priest (8)]
   489 | D:5      | Slain by an orc

Vanquished Creatures
  2 adders (D:5)
  An orc (D:5)
3 creatures vanquished.

Table legend:
 A = Non-vault XP
 B = Vault XP
 C = Vault XP percentage of total XP
 D = Non-vault monster count
 E = Vault monster count
 F = Vault count percentage of total count
                 A         B        C        D         E       F
            +---------+---------+-------+---------+---------+-------
      Total |      29 |       0 |   0.0 |       3 |       0 |   0.0
            +---------+---------+-------+---------+---------+-------
        D:5 |      29 |       0 |   0.0 |       3 |       0 |   0.0
            +---------+---------+-------+---------+---------+-------

Illustrated notes

Table legend:
 A = Kills in this place as a percentage of kills in entire the game.
 B = Kills by you in this place as a percentage of kills by you in the entire game.
 C = Kills by friends in this place as a percentage of kills by friends in the entire game.
 D = Other kills in this place as a percentage of other kills in the entire game.
 E = Experience gained in this place as a percentage of experience gained in the entire game.
 F = Experience gained in this place divided by the number of levels of this place that you have seen.
                   A       B       C       D       E      F
               +-------+-------+-------+-------+-------+----------------------
         Total | 100.0 | 100.0 |   N/A |   N/A | 100.0 |  29.0
       Dungeon | 100.0 | 100.0 |   N/A |   N/A | 100.0 |  29.0
               +-------+-------+-------+-------+-------+----------------------

Table legend: (Time is in decaauts)
 A = Elapsed time spent in this place.
 B = Non-inter-level travel time spent in this place.
 C = Inter-level travel time spent in this place.
 D = Time resting spent in this place.
 E = Time spent auto-exploring this place.
 F = Levels seen in this place.
 G = Mean time per level.
                   A        B        C        D        E       F      G
               +--------+--------+--------+--------+--------+-----+--------+
         Total |    493 |    493 |      0 |    246 |    204 |   1 |  493.0 |
       Dungeon |    493 |    493 |      0 |    246 |    204 |   1 |  493.0 |
               +--------+--------+--------+--------+--------+-----+--------+

Top non-repeatable levels by time:
     D:5: 493 daAuts
